 Seeded DCSS version 0.30-b1-2-g02819fbbbe (webtiles) character file.

Game seed: 570102490474017323 (custom seed)

4 wilfster70 the Chiller (level 1, 0/10 HPs)
             Began as a Gargoyle Ice Elementalist on May 12, 2023.
             Slain by a jackal (3 damage)
             ... on level 1 of the Dungeon.
             The game lasted 00:00:52 (85 turns).

wilfster70 the Chiller (Gargoyle Ice Elementalist)    Turns: 85, Time: 00:00:52

Health: 0/10       AC:  4    Str: 11    XL:     1   Next: 60%
Magic:  2/3        EV: 11    Int: 15    God:
Gold:   0          SH:  0    Dex: 10    Spells: 3/4 levels left

rFire   . . .        (no weapon)
rCold   . . .        (no shield)
rNeg    + . .        a - +0 robe
rPois   ∞            (no helmet)
rElec   +            (no cloak)
rCorr   .            (no gloves)
SInv    .            (no boots)
Will    .....        (no amulet)
Stlth   ++           (no ring)
HPRegen 0.21/turn    (no ring)
MPRegen 0.08/turn

%: no passive effects
@: no status effects
A: sickness immunity, AC +2, negative energy resistance 1, electricity
resistance, torment resistance 1, petrification resistance
a: no special abilities


You were on level 1 of the Dungeon.
You visited 1 branch of the dungeon, and saw 1 of its levels.

Inventory:

Armour
 a - a +0 robe (worn)
Potions
 b - a potion of magic
 c - a potion of heal wounds {unknown}


   Skills:
 - Level 1.5 Dodging
 - Level 2.1 Stealth
 + Level 2.1 Spellcasting
 * Level 4.1 Ice Magic


You had 3 spell levels left.
You knew the following spells:

 Your Spells              Type           Power      Damage    Failure   Level
a - Freeze                Ice            56%        1d7       4%          1

Your spell library contained the following spells:

 Spells                   Type           Power      Damage    Failure   Level
 Frozen Ramparts          Ice            28%        1d5       12%         3
 Ozocubu's Armour         Ice            14%        N/A       12%         3
 Wereblood                Tmut           1%         N/A       32%         2
 Summon Ice Beast         Ice/Summ       7%         N/A       67%         4
 Summon Hydra             Summ           0%         N/A       100%        7
 Sublimation of Blood     Necr           Unusable   N/A       N/A         2

Dungeon Overview and Level Annotations

Branches:
Dungeon (1/15)

Altars:


Innate Abilities, Weirdness & Mutations

You are immune to sickness and miasma.
Your stone body is resilient. (AC +2)
You are immune to poison.
You resist negative energy. (rN+)
You are resistant to electric shocks. (rElec)
You are resistant to unholy torment.
You are immune to petrification.


Message History

Confirm with . or Enter, or press ? or * to list all spells.
Aiming: Freeze (safe; 4% risk of failure)
Press: ? - help, Shift-Dir - straight line, f - jackal
Aim: a jackal You freeze the jackal.
The jackal is lightly wounded.
The jackal bites you but does no damage.
Casting: Freeze (safe; 4% risk of failure)
Confirm with . or Enter, or press ? or * to list all spells.
Aiming: Freeze (safe; 4% risk of failure)
Press: ? - help, Shift-Dir - straight line, f/p - jackal
Aim: a jackal (lightly wounded)
You freeze the jackal!
You kill the jackal!
The jackal barely misses you.
The ball python hisses angrily.
You see here an amethyst potion.
The jackal bites you but does no damage.
The jackal attacks as you move away! The jackal closely misses you.
Found 14 gold pieces.
The jackal barely misses you.
An endoplasm comes into view.
The jackal attacks as you move away! The jackal misses you.
The jackal completely misses you. The jackal attacks as you move away!
The jackal misses you. The jackal barely misses you.
You see here 14 gold pieces.
Found a purple potion.
An endoplasm and a quokka come into view.
Found a lumpy coppery potion.
The jackal closely misses you.
Found a scroll labelled CIBOKL GUCI.
The jackal bites you. The jackal attacks as you move away!
The jackal bites you.
The endoplasm quivers.
The jackal bites you. The jackal barely misses you.
The quokka attacks as you move away! The quokka bites you.
* * * LOW HITPOINT WARNING * * *
A bat comes into view.
The jackal attacks as you move away! The jackal bites you.
You die...

....#.#.# ###..
#(...##......# ......#.#
#...####.##......#
#####...#
#..b##...........#
...)....# #...##......#####
........# #...##......#
'####.....#####...##......#
.## #.............##......#
..# #.............#.$....##
.#.#####+#......@.#......#
.##.# #......rh#......# .#
#.# #...?....##.#####
.####.## #.......S.......#
<......+ #....J.......J..#
.####..# #...............#
.# #######........... #.
#............ #.
#......!.....


You could see an endoplasm (asleep), a quokka, a jackal, a bat (wandering) and a
ball python.

Vanquished Creatures
  A jackal (D:1)
  A kobold (D:1)
  2 bats (D:1)
4 creatures vanquished.

Notes
Turn   | Place    | Note
-------+----------+-------------------------------------------
     0 | D:1      | wilfster70 the Gargoyle Ice Elementalist began the quest
                  | for the Orb.
     0 | D:1      | Reached XP level 1. HP: 10/10 MP: 3/3
    85 | D:1      | Slain by a jackal

Illustrated notes

Levels and vault maps discovered:
D:1:      roderic_octagonal_star, layout_basic

Action                     || total
---------------------------++-------
  Melee: Unarmed           ||     2
   Cast: Freeze            ||     5
    Use: Scroll            ||     3
 Armour: Robe              ||     4
  Dodge: Dodged            ||     9
